 Dungeon Crawl Stone Soup version 0.19-a0-450-g98b348d (webtiles) character file.

4571 epen the Chiller (level 9, 0/74 HPs)
             Began as a Demigod Ice Elementalist on June 1, 2016.
             Slain by an orc
             ... wielding a cursed -1 mace
              (4 damage)
             ... on level 8 of the Dungeon.
             The game lasted 00:25:21 (10048 turns).

epen the Chiller (Demigod Ice Elementalist)        Turns: 10048, Time: 00:25:24

Health: 0/74       AC:  6    Str: 11    XL:     9   Next: 98%
Magic:  19/19      EV: 10    Int: 25    God:
Gold:   518        SH:  0    Dex: 16    Spells: 5 memorised, 3 levels left

rFire  . . .     SeeInvis .     p - +2 short sword (venom)
rCold  + . .     Gourm    .     l - +1 robe {MR+}
rNeg   . . .     Faith    .     (no shield)
rPois  .         Spirit   .     (helmet restricted)
rElec  .         Dismiss  .     g - +1 cloak
rCorr  .         Reflect  .     (no gloves)
SustAt +         Harm     .     h - +0 pair of boots
MR     ++...                    (no amulet)
Stlth  +.........               G - ring of loudness (curse)
                                o - ring of protection from cold

@: drained, very resistant to hostile enchantments, very unstealthy
A: horns 1, high mp 1, magic resistance 1, sustain attributes
a: no special abilities


You were on level 8 of the Dungeon.
You were very hungry.

You visited 1 branch of the dungeon, and saw 8 of its levels.

You collected 518 gold pieces.

Inventory:

Hand Weapons
 p - a +2 short sword of venom (weapon)
Missiles
 D - a throwing net (quivered)
Armour
 a - a +0 robe
 d - a +0 helmet
 g - a +1 cloak (worn)
 h - a +0 pair of boots (worn)
 l - a +1 robe of magic resistance (worn)
Jewellery
 o - a ring of protection from cold (left hand)
 E - a +1 ring of protection
 G - a cursed ring of loudness (right hand)
Wands
 f - a wand of acid (0/15)
 w - a wand of slowing (23/48)
 A - a wand of paralysis (9/24)
Scrolls
 m - 3 scrolls of recharging
 B - a scroll of fear {unknown}
 F - 3 scrolls of amnesia {unknown}
Potions
 k - 2 potions of berserk rage
 n - a potion of resistance {unknown}
 r - 2 potions of cancellation
 s - 2 potions of mutation {unknown}
 t - a potion of cure mutation {unknown}
 u - a potion of haste {unknown}
 x - a potion of lignification
 C - a potion of agility {unknown}
Books
 b - a book of Frost

   Spells                             Type                      Level
   a - Freeze                         Ice                          1
   b - Throw Frost                    Conjuration/Ice              2
   c - Ozocubu's Armour               Charms/Ice                   3
   d - Throw Icicle                   Conjuration/Ice              4
   e - Summon Ice Beast               Ice/Summoning                4
Comestibles
 c - 6 bread rations
 i - 2 meat rations
 j - 2 beef jerkies
 v - 2 royal jellies


   Skills:
 + Level 5.1(4.8) Fighting
 + Level 0.5(0.2) Short Blades
 + Level 5.3(5.0) Dodging
 - Level 1.7(1.4) Stealth
 + Level 4.7(4.4) Spellcasting
 * Level 6.6(6.3) Conjurations
 + Level 3.5(3.2) Charms
 * Level 7.5(7.2) Ice Magic


You had 3 spell levels left.
You knew the following spells:

 Your Spells              Type           Power        Failure   Level  Hunger
a - Freeze                Ice            ####         1%          1    None
b - Throw Frost           Conj/Ice       #####.       1%          2    None
c - Ozocubu's Armour      Chrm/Ice       ####....     3%          3    ##.....
d - Throw Icicle          Conj/Ice       #####...     8%          4    ####...
e - Summon Ice Beast      Ice/Summ       ###.....     21%         4    ####...


Dungeon Overview and Level Annotations

Branches:
Dungeon (8/15)             Temple (0/1) D:6
   Lair: D:8-11

Shops:
D:3 }   D:5 (

Annotations:
D:8 Grum


Innate Abilities, Weirdness & Mutations

You have an increased reservoir of magic. (+10% MP)
Your attributes are resistant to harm.
You have a pair of small horns on your head.
You are resistant to hostile enchantments. (MR+)


Message History

Level annotation: Grum A sky beast, 2 orcs, an orc priest and 5 wights come into view.
The orc priest shouts!
The orc shouts!
The wight closely misses you.
The orc priest looks braver for a moment.
The orc hits you with a mace.
The wight hits you from afar with an enchanted trident.
You feel drained. The wight hits you with a scimitar.
The wight completely misses you. The wight closely misses you.
The wight hits you with a scimitar! The orc hits you with a mace!
* * * LOW HITPOINT WARNING * * *
Found six items.
Found a stone staircase leading down.
There is a stone staircase leading up, spattered with blood here.
The orc priest mumbles some strange prayers to Beogh against you.
Beogh smites you!
* * * LOW HITPOINT WARNING * * *
The wight hits you with an enchanted short sword.
* * * LOW HITPOINT WARNING * * *
The orc hits you with a mace.
You die...

###########
......>.!.#
.........)#
..(.......#
..%Y..?o..#
.....oz@z.#
......zozz#
..........#
..........#
..........#
#...#######
...# .#.
######


You could see a sky beast, 5 wights, an orc priest and 2 orcs.

Vanquished Creatures
  Pikel (D:6)
  An ugly thing (D:6)
  Joseph (D:7)
  Edmund (D:5)
  Menkaure (D:7)
  An ice beast (D:5)
  A phantom (D:7)
  A sky beast (D:6)
  2 wolves
  8 ogres
  A centaur (D:6)
  4 giant frogs
  Blork the orc (D:4)
  A big kobold (D:7)
  A gnoll sergeant (D:5)
  2 scorpions
  3 killer bees (D:7)
  A howler monkey (D:6)
  A giant frog zombie (D:6)
  3 crimson imps
  7 hounds
  A quasit (D:7)
  6 orc priests
  Crazy Yiuf (D:7)
  2 centaur skeletons
  2 iguanas
  2 orc wizards (D:4)
  5 worker ants
  A killer bee zombie (D:6)
  A hound skeleton (D:7)
  A howler monkey zombie (D:8)
  13 gnolls
  9 adders
  A shadow imp (D:7)
  3 oozes
  An adder skeleton (D:5)
  An adder zombie (D:7)
  5 worms (D:2)
  6 giant geckos
  21 orcs
  A ball python (D:5)
  7 giant cockroaches
  10 goblins
  11 hobgoblins
  9 jackals
  2 quokkas
  13 bats
  A giant gecko skeleton (D:5)
  5 giant newts
  18 kobolds
  A quokka zombie (D:5)
  12 rats
215 creatures vanquished.

Vanquished Creatures (others)
  A slave (D:6)
  A crimson imp (D:6)
  A jelly (D:6)
  A worker ant zombie (D:6)
  An adder skeleton (D:6)
  A giant gecko (D:6)
  2 orcs (D:6)
  A giant newt (D:6)
9 creatures vanquished.

Grand Total: 224 creatures vanquished

Notes
Turn   | Place    | Note
--------------------------------------------------------------
     0 | D:1      | epen the Demigod Ice Elementalist began the quest for the Orb.
     0 | D:1      | Reached XP level 1. HP: 14/14 MP: 5/5
   287 | D:1      | Reached XP level 2. HP: 22/22 MP: 7/7
   451 | D:1      | Reached skill level 3 in Ice Magic
   509 | D:1      | Learned a level 2 spell: Throw Frost
   595 | D:1      | Reached skill level 1 in Fighting
   985 | D:2      | Reached XP level 3. HP: 19/28 MP: 2/8
  1394 | D:2      | Learned a level 3 spell: Ozocubu's Armour
  1562 | D:2      | Reached XP level 4. HP: 31/36 MP: 5/9
  1563 | D:2      | Found a radiant altar of Vehumet.
  2202 | D:2      | Reached skill level 1 in Conjurations
  2572 | D:3      | Found an oddly glowing altar of Pakellas.
  2572 | D:3      | Found Pakellas's Prime Provisions.
  2704 | D:3      | Reached XP level 5. HP: 29/41 MP: 0/11
  2860 | D:3      | Found a snail-covered altar of Cheibriados.
  3072 | D:3      | Found a white marble altar of Elyvilon.
  3075 | D:3      | Found a bloodstained altar of Trog.
  3078 | D:3      | Found an ancient bone altar of Kikubaaqudgha.
  3478 | D:4      | Reached skill level 4 in Ice Magic
  3545 | D:4      | Noticed an ogre
  3551 | D:4      | Killed an ogre
  3551 | D:4      | Reached XP level 6. HP: 43/49 MP: 4/13
  3814 | D:4      | Learned a level 4 spell: Throw Icicle
  4003 | D:4      | Found a sacrificial altar of Ru.
  4201 | D:4      | Found a blossoming altar of Fedhas.
  4214 | D:4      | Found a shattered altar of Ashenzari.
  4316 | D:4      | Reached XP level 7. HP: 42/56 MP: 10/14
  4555 | D:4      | Noticed Blork the orc
  4625 | D:4      | Killed Blork the orc
  4625 | D:4      | Reached skill level 5 in Ice Magic
  4864 | D:5      | Entered Level 5 of the Dungeon
  5035 | D:5      | Found Namet's Weapon Shop.
  5043 | D:5      | Noticed Edmund
  5061 | D:5      | Killed Edmund
  5295 | D:5      | Found a shattered altar of Ashenzari.
  5713 | D:5      | Reached XP level 8. HP: 64/64 MP: 11/16
  5812 | D:5      | Reached skill level 1 in Charms
  6326 | D:5      | Found a burning altar of Makhleb.
  6399 | D:6      | Noticed Pikel
  6419 | D:6      | Killed Pikel
  6419 | D:6      | Reached skill level 6 in Ice Magic
  6558 | D:6      | Reached skill level 5 in Conjurations
  6779 | D:6      | Learned a level 4 spell: Summon Ice Beast
  7006 | D:6      | Noticed a green ugly thing
  7050 | D:6      | Reached XP level 9. HP: 68/71 MP: 11/18
  7072 | D:6      | Killed a green ugly thing
  7091 | D:6      | Gained mutation: You are resistant to hostile enchantments. (MR+) [mutagenic meat]
  7092 | D:6      | Gained mutation: You have a pair of small horns on your head. [mutagenic meat]
  7820 | D:6      | Found a staircase to the Ecumenical Temple.
  7921 | D:7      | Reached skill level 7 in Ice Magic
  8062 | D:7      | Reached skill level 5 in Dodging
  8156 | D:7      | Found an iron altar of Okawaru.
  8157 | D:7      | Noticed Joseph
  8817 | D:7      | Noticed Crazy Yiuf
  8823 | D:7      | Killed Crazy Yiuf
  8950 | D:7      | Noticed Menkaure
  9254 | D:7      | Killed Joseph
  9494 | D:7      | Killed Menkaure
  9737 | D:7      | Reached skill level 5 in Fighting
  9964 | D:8      | Noticed Grum
 10048 | D:8      | Slain by an orc

Vault maps used:
D:1:      saegor_arrival_simple_f, minmay_misc_feat_columns
D:2:      lemuel_doored_altar
D:3:      johnstein_pakellas_shop, grunt_temple_overflow_diamond,
          cheibriados_altar_wand_db
D:4:      amethyst_overflow_temple_binary, nicolae_ru_great_annihilating_truth,
          uniq_blork_the_orc
D:5:      kennysheep_mini_moat, serial_shops, nicolae_shop_crystal, first_bread,
          ashenzari_altar_1, uniq_edmund
D:6:      hangedman_cross_stitches, lemuel_temple_firewalk, uniq_pikel
D:7:      enter_ossuary_1, kennysheep_flooded_box, uniq_menkaure, uniq_joseph,
          uniq_crazy_yiuf_cottage
D:8:      serial_shops, nicolae_shop_temple_entry_statues_fountains, uniq_grum,
          uniq_psyche

Skill      XL: |  1  2  3  4  5  6  7  8  9 |
---------------+----------------------------+-----
Dodging        | 2 3 4 5 |  5.3
Ice Magic      | 3 4 5 6 7 |  7.5
Fighting       | 1 2 3 4 5 |  5.1
Spellcasting   | 2 3 4 |  4.7
Conjurations   | 1 2 3 4 5 6 |  6.6
Charms         | 2 3 |  3.5
Short Blades   | |  0.5
Stealth        | |  1.7

Action                   |  1- 3 |  4- 6 |  7- 9 || total
-------------------------+-------+-------+-------++-------
Melee: Dagger            |    31 |    76 |     8 ||   115
       Short sword       |       |       |   320 ||   320
       Headbutt          |       |       |    40 ||    40
 Cast: Freeze            |    69 |   103 |   159 ||   331
       Throw Frost       |     1 |     8 |    12 ||    21
       Ozocubu's Armour  |       |     2 |    22 ||    24
       Throw Icicle      |       |     1 |       ||     1
Evoke: Wand              |       |     4 |     8 ||    12
  Use: Scroll            |       |     9 |     3 ||    12
       Potion            |       |       |     1 ||     1
 Stab: Sleeping          |     5 |     5 |     2 ||    12
       Paralysed         |       |       |     1 ||     1
  Eat: Chunk             |     3 |    10 |    20 ||    33
Armor: Robe              |    25 |    41 |   157 ||   223
Dodge: Dodged            |    63 |   113 |   407 ||   583
